 Dungeon Crawl Stone Soup version 0.29.1-2-gbd0b4ee654 (webtiles) character file.

Game seed: 17213778032954619953

93 Raikaria the Stinger (level 4, -1/32 HPs)
             Began as a Gnoll Venom Mage on Nov 9, 2022.
             Slain by Ijyb
             ... wielding a +2 dagger of flaming
              (2 damage)
             ... on level 3 of the Dungeon.
             The game lasted 00:06:37 (2630 turns).

Raikaria the Stinger (Gnoll Venom Mage)             Turns: 2630, Time: 00:06:38

Health: -1/32      AC: -1    Str:  9    XL:     4   Next: 62%
Magic:  7/11       EV: 13    Int: 15    God:
Gold:   134        SH:  0    Dex: 12    Spells: 7/13 levels left

rFire   . . .      SeeInvis .   i - +1 dagger (venom)
rCold   . . .      Faith    .   (no shield)
rNeg    . . .      Spirit   .   a - +0 robe
rPois   .          Reflect  .   (no helmet)
rElec   .          Harm     .   (no cloak)
rCorr   .          Rampage  .   (no gloves)
Will    .....                   (no boots)
Stlth   ++........              (no amulet)
HPRegen 0.10/turn               (no ring)
MPRegen 0.12/turn               (no ring)

@: corroded
A: fangs 1, strong nose, distributed training
a: no special abilities


You were on level 3 of the Dungeon.
You visited 1 branch of the dungeon, and saw 4 of its levels.

You collected 134 gold pieces.

Inventory:

Hand Weapons
 i - a +1 dagger of venom (weapon)
Armour
 a - a +0 robe (worn)
Jewellery
 d - a ring of positive energy
Wands
 l - a wand of flame (11)
Scrolls
 e - 6 scrolls of identify {unknown}
 g - 3 scrolls of teleportation {unknown}
 j - 2 scrolls of noise {unknown}
 n - a scroll of enchant weapon {unknown}
 r - a scroll of torment {unknown}
 s - a scroll of magic mapping {unknown}
 t - a scroll of poison {unknown}
 u - a scroll of fear {unknown}
 v - a scroll of blinking {unknown}
 w - a scroll of vulnerability {unknown}
 x - 2 scrolls of immolation
Potions
 b - a potion of magic
 c - a potion of degeneration {unknown}
 f - a potion of attraction {unknown}
 h - a potion of might {unknown}
 k - a potion of curing {unknown}
 m - a potion of flight {unknown}
 o - 2 potions of mutation {unknown}
 p - a potion of ambrosia {unknown}
 q - 2 potions of heal wounds {unknown}


   Skills:
 + Level 1.2 Fighting
 + Level 1.2 Short Blades
 + Level 1.2 Long Blades
 + Level 1.2 Axes
 + Level 1.2 Maces & Flails
 + Level 1.2 Polearms
 + Level 1.2 Staves
 + Level 1.2 Ranged Weapons
 + Level 1.2 Throwing
 + Level 1.2 Armour
 + Level 4.7 Dodging
 + Level 4.3 Stealth
 + Level 1.2 Shields
 + Level 1.2 Unarmed Combat
 + Level 5.1 Spellcasting
 + Level 1.0 Conjurations
 + Level 1.0 Hexes
 + Level 1.0 Summonings
 + Level 1.0 Necromancy
 + Level 1.0 Translocations
 + Level 2.3 Transmutations
 + Level 1.0 Fire Magic
 + Level 1.0 Ice Magic
 + Level 1.0 Air Magic
 + Level 1.0 Earth Magic
 + Level 5.5 Poison Magic
 + Level 1.3 Invocations
 + Level 1.2 Evocations


You had 7 spell levels left.
You knew the following spells:

 Your Spells              Type           Power      Damage    Failure   Level
a - Sting                 Tmut/Pois      60%        1d6       3%          1
b - Mephitic Cloud        Conj/Pois/Air  11%        N/A       17%         3
c - Poisonous Vapours     Pois/Air       26%        N/A       6%          2

Your spell library contained the following spells:

 Spells                   Type           Power      Damage    Failure   Level
 Olgreb's Toxic Radiance  Pois           20%        N/A       17%         4


Dungeon Overview and Level Annotations

Branches:
Dungeon (4/15)
 Temple: D:4-7

Altars:
Qazlal

Shops:
D:2 [

Annotations:
D:3 Ijyb


Innate Abilities, Weirdness & Mutations

You have very sharp teeth.
Your uncanny sense of smell can sniff out nearby items.
Your experience applies equally to all skills.


Message History

Found a stone staircase leading down.
Ijyb the Twisted Goblin comes into view.
She is wielding a +2 dagger of flaming, wearing a +2 scale mail of cold resistance and carrying a wand of acid (9).
There is an open door here.
There is a stone staircase leading down here.
Casting: Poisonous Vapours (safe; 6% risk of failure)
Confirm with . or Enter, or press ? or * to list all spells.
Aiming: Poisonous Vapours (safe; 6% risk of failure)
Press: ? - help, Dir - move target, f - Ijyb
Aim: Ijyb, wielding a +2 dagger of flaming, wearing a +2 scale mail of cold resistance and carrying a wand of acid (9) (asleep) Poisonous vapours surround Ijyb!
Ijyb is poisoned.
Ijyb shouts!
Casting: Poisonous Vapours (safe; 6% risk of failure)
Confirm with . or Enter, or press ? or * to list all spells.
Aiming: Poisonous Vapours (safe; 6% risk of failure)
Press: ? - help, Dir - move target, f/p - Ijyb
Aim: Ijyb, wielding a +2 dagger of flaming, wearing a +2 scale mail of cold resistance and carrying a wand of acid (9) (poisoned) Poisonous vapours surround Ijyb!
Ijyb looks even sicker.
There is an open door here.
Ijyb zaps a wand.
The bolt of acid misses you.
Casting: Poisonous Vapours (safe; 6% risk of failure)
Confirm with . or Enter, or press ? or * to list all spells.
Aiming: Poisonous Vapours (safe; 6% risk of failure)
Press: ? - help, Dir - move target, f/p - Ijyb
Aim: Ijyb, wielding a +2 dagger of flaming, wearing a +2 scale mail of cold resistance and carrying a wand of acid (8) (heavily wounded, very poisoned) Poisonous vapours surround Ijyb!
Ijyb looks even sicker.
Ijyb zaps a wand.
The bolt of acid hits you!!
Ouch! That really hurt!
The acid corrodes you!
You hit Ijyb but do no damage.
Ijyb looks as sick as possible!
Ijyb is severely wounded.
Ijyb hits you with a +2 dagger of flaming.
* * * LOW HITPOINT WARNING * * *
Ijyb burns you.
* * * LOW HITPOINT WARNING * * *
You hit Ijyb but do no damage.
Ijyb looks as sick as possible!
Ijyb is almost dead.
Ijyb hits you with a +2 dagger of flaming.
* * * LOW HITPOINT WARNING * * *
Ijyb burns you.
You die...

#.......# #.......#
#.......# #.......#
#.......# ......##.
##############........
#....g.......'>...#
#.###@########....#
#.# #..# #.......# #.#
##.### #........
#.####...####..#......
#..............#......
#...#....#.##.........
#...#####.#....#......
#...#..........#......
#...#........#.##.....


You could see Ijyb (extremely poisoned).

Vanquished Creatures
  Jessica (D:2)
  An adder (D:2)
  2 dart slugs
  An orc (D:2)
  5 ball pythons (D:1)
  6 bats
  3 endoplasms
  4 giant cockroaches
  8 goblins
  3 hobgoblins
  2 quokkas
  3 frilled lizards
  5 kobolds
  10 rats
54 creatures vanquished.

Notes
Turn   | Place    | Note
-------+----------+-------------------------------------------
     0 | D:1      | Raikaria the Gnoll Venom Mage began the quest for the Orb.
     0 | D:1      | Reached XP level 1. HP: 13/13 MP: 6/6
   299 | D:1      | Reached XP level 2. HP: 2/19 MP: 5/7
   596 | D:2      | Found Redull's Armour Shop.
   776 | D:1      | Reached skill level 5 in Spellcasting
   776 | D:1      | Reached XP level 3. HP: 25/25 MP: 1/9
  1061 | D:1      | Reached skill level 1 in Invocations
  1065 | D:2      | Found a stormy altar of Qazlal.
  1319 | D:2      | Learned a level 3 spell: Mephitic Cloud
  1322 | D:2      | Learned a level 2 spell: Poisonous Vapours
  1387 | D:2      | Noticed Jessica
  1395 | D:2      | Killed Jessica
  1396 | D:2      | Reached skill level 1 in Fighting
  1396 | D:2      | Reached skill level 1 in Short Blades
  1396 | D:2      | Reached skill level 1 in Long Blades
  1396 | D:2      | Reached skill level 1 in Axes
  1396 | D:2      | Reached skill level 1 in Maces & Flails
  1396 | D:2      | Reached skill level 1 in Polearms
  1396 | D:2      | Reached skill level 1 in Staves
  1396 | D:2      | Reached skill level 1 in Ranged Weapons
  1396 | D:2      | Reached skill level 1 in Throwing
  1396 | D:2      | Reached skill level 1 in Armour
  1396 | D:2      | Reached skill level 1 in Shields
  1396 | D:2      | Reached skill level 1 in Unarmed Combat
  1396 | D:2      | Reached skill level 1 in Evocations
  1396 | D:2      | Reached XP level 4. HP: 32/32 MP: 6/11
  1518 | D:2      | Reached skill level 1 in Conjurations
  1518 | D:2      | Reached skill level 1 in Hexes
  1518 | D:2      | Reached skill level 1 in Summonings
  1518 | D:2      | Reached skill level 1 in Necromancy
  1518 | D:2      | Reached skill level 1 in Translocations
  1518 | D:2      | Reached skill level 1 in Fire Magic
  1518 | D:2      | Reached skill level 1 in Ice Magic
  1518 | D:2      | Reached skill level 1 in Air Magic
  1518 | D:2      | Reached skill level 1 in Earth Magic
  2565 | D:3      | Found a faded altar of an unknown god.
  2611 | D:3      | Noticed Ijyb
  2630 | D:3      | HP: 1/32 [Ijyb/+2 dagger of flaming (4)]
  2630 | D:3      | Slain by Ijyb

Illustrated notes

Levels and vault maps discovered:
D:1:      nzn_arrival_settlement, layout_basic
D:2:      layout_rooms, basic_altar, serial_shops, shop,
          hangedman_feature_mirror, minivault_25, uniq_jessica
D:3:      layout_basic, demons_altar, grunt_temple_overflow_diamond,
          hellmonk_ecumenical_altar_blasted, uniq_ijyb
D:4:      layout_gridville, elyvilon_altar_3, serial_shops, shop, shop,
          minmay_misc_feat_cross, uniq_pikel

Skill      XL: |  1  2  3  4 |
---------------+-------------+-----
Transmutations | 2 |  2.3
Spellcasting   | 5 |  5.1
Invocations    | 1 |  1.3
Fighting       | 1 |  1.2
Short Blades   | 1 |  1.2
Long Blades    | 1 |  1.2
Axes           | 1 |  1.2
Maces & Flails | 1 |  1.2
Polearms       | 1 |  1.2
Staves         | 1 |  1.2
Ranged Weapons | 1 |  1.2
Throwing       | 1 |  1.2
Armour         | 1 |  1.2
Shields        | 1 |  1.2
Unarmed Combat | 1 |  1.2
Evocations     | 1 |  1.2
Conjurations   | 1 |  1.0
Hexes          | 1 |  1.0
Summonings     | 1 |  1.0
Necromancy     | 1 |  1.0
Translocations | 1 |  1.0
Fire Magic     | 1 |  1.0
Ice Magic      | 1 |  1.0
Air Magic      | 1 |  1.0
Earth Magic    | 1 |  1.0
Dodging        | |  4.7
Stealth        | |  4.3
Poison Magic   | |  5.5

Action                   |  1- 3 |  4- 6 || total
-------------------------+-------+-------++-------
Melee: Club              |     6 |       ||     6
       Short sword       |    10 |       ||    10
       Dagger            |    19 |    52 ||    71
       Bite              |     2 |     4 ||     6
       Punch             |     1 |     1 ||     2
 Cast: Sting             |    29 |       ||    29
       Poisonous Vapours |     3 |     5 ||     8
 Stab: Sleeping          |     2 |     1 ||     3
Armor: Robe              |     6 |    12 ||    18
Dodge: Dodged            |    40 |    40 ||    80
